 Dungeon Crawl Stone Soup version 0.22-a0-69-g116c2a8 (webtiles) character file.

9 KristoblXynda the Slasher (level 2, 0/24 HPs)
             Began as a Draconian Gladiator on Jan 11, 2018.
             Slain by a kobold
             ... wielding a +0 whip of venom
              (3 damage)
             ... on level 1 of the Dungeon.
             The game lasted 00:00:31 (218 turns).

KristoblXynda the Slasher (Draconian Gladiator)      Turns: 218, Time: 00:00:32

Health: 0/24       AC:  4    Str: 16    XL:     2   Next: 3%
Magic:  2/2        EV: 13    Int:  8    God:
Gold:   19         SH:  0    Dex: 12    Spells: 1/1 levels left

rFire    . . .     SeeInvis .   a - +0 long sword
rCold    . . .     Gourm    .   (no shield)
rNeg     . . .     Faith    .   (armour unavailable)
rPois    .         Spirit   .   b - +0 hat
rElec    .         Reflect  .   (no cloak)
rCorr    .         Harm     .   (no gloves)
MR       .....                  (no boots)
Stlth    +.........             (no amulet)
HPRegen  0.08/turn              (no ring)
MPRegen  0.08/turn              (no ring)

@: lethally poisoned (0 -> -21), hasted, very quick
A: unfitting armour, cold-blooded, AC +4
a: no special abilities


You were on level 1 of the Dungeon.
You were not hungry.

You visited 1 branch of the dungeon, and saw 1 of its levels.

You collected 19 gold pieces.

Inventory:

Hand Weapons
 a - a +0 long sword (weapon)
Missiles
 c - 3 throwing nets (quivered)
Armour
 b - a +0 hat (worn)
Scrolls
 g - a scroll of identify {unknown}
Potions
 f - a potion of agility {unknown}
Comestibles
 d - 3 rations


   Skills:
 - Level 2.1 Fighting
 + Level 3.2 Long Blades
 + Level 2.0 Throwing
 + Level 2.9 Dodging


You had one spell level left.
You didn't know any spells.

Dungeon Overview and Level Annotations

Branches:
Dungeon (1/15)

Altars:


Innate Abilities, Weirdness & Mutations

Your plain brown scales are hard. (AC +4)
You cannot fit into any form of body armour.
You are cold-blooded and may be slowed by cold attacks.


Message History

The kobold is moderately wounded.
You feel sick. The kobold misses you.
You riposte.
You hit the kobold but do no damage.
You tail-slap the kobold, but do no damage.
The kobold is moderately wounded.
You barely miss the kobold.
The kobold is moderately wounded.
You feel sick. The kobold completely misses you.
You riposte.
You miss the kobold. You hit the kobold.
The kobold is severely wounded.
You feel sick.
The kobold hits you with a whip of venom.
* * * LOW HITPOINT WARNING * * *
You are more poisoned.
It was a potion of haste.
You feel yourself speed up.
* * * LOW HITPOINT WARNING * * *
You feel sick.
The kobold hits you with a whip of venom.
You die...

#...# .# ##.#
###.# .# #..#
#T#.# .# #.##
###.# #.#
#Q#.# #####
#.# #####
...# #.# #H#
#.#####.###.#
###
............#
#a#
######@#####
### #K# #.#
... ### ##.##
#M# #.# ###
#.# #6# #.#
### #.# #c#


You could see a kobold.

Vanquished Creatures
  A leopard gecko (D:1)
  A ball python (D:1)
  A bat (D:1)
  A giant cockroach (D:1)
  A goblin (D:1)
  A frilled lizard (D:1)
  A kobold (D:1)
7 creatures vanquished.

Notes
Turn   | Place    | Note
-------+----------+-------------------------------------------
     0 | D:1      | KristoblXynda the Draconian Gladiator began the quest for the Orb.
     0 | D:1      | Reached XP level 1. HP: 17/17 MP: 1/1
     2 | D:1      | Noticed a naga
     2 | D:1      | Noticed a ghoul
     4 | D:1      | Noticed a draconian
     4 | D:1      | Noticed a halfling
     6 | D:1      | Noticed a merfolk
     6 | D:1      | Noticed a felid
     8 | D:1      | Noticed a vampire
     8 | D:1      | Noticed a dwarf
    10 | D:1      | Noticed a gargoyle
    10 | D:1      | Noticed a demigod
    12 | D:1      | Noticed a human
    12 | D:1      | Noticed a centaur
    14 | D:1      | Noticed an octopode
    14 | D:1      | Noticed a demonspawn
    16 | D:1      | Noticed an ogre
    20 | D:1      | Noticed an elf
    20 | D:1      | Noticed a formicid
    22 | D:1      | Noticed a minotaur
    24 | D:1      | Noticed a spriggan
    24 | D:1      | Noticed a tengu
    26 | D:1      | Noticed a vine stalker
    26 | D:1      | Noticed a troll
   174 | D:1      | Reached XP level 2. HP: 24/24 MP: 2/2
   218 | D:1      | Slain by a kobold

Vault maps used:
D:1:      kb_arrival_jail, minmay_lizard_king

Skill      XL: |  1 |
---------------+----+-----
Throwing       | 2 |  2.0
Fighting       | |  2.1
Long Blades    | |  3.2
Dodging        | |  2.9

Action                   || total
-------------------------++-------
Melee: Long sword        ||    23
       Tailslap          ||     2
  Use: Potion            ||     1
 Stab: Sleeping          ||     1
Armor: Skin              ||     4
Dodge: Dodged            ||    24
       Rpst.: Long sword ||     5

Table legend:
 A = Spawn XP
 B = Non-spawn XP
 C = Spawn XP percentage of total XP
 D = Spawn monster count
 E = Non-spawn monster count
 F = Spawn count percentage of total count
 G = Total turns spent on level
                    A         B        C        D         E        F      G
               +---------+---------+-------+---------+---------+-------+---------
         Total |       0 |      13 |   0.0 |       0 |       7 |   0.0 |   218
               +---------+---------+-------+---------+---------+-------+---------
           D:1 |       0 |      13 |   0.0 |       0 |       7 |   0.0 |   218
               +---------+---------+-------+---------+---------+-------+---------
